 Dungeon Crawl Stone Soup version 0.26.0-18-gc5c842f807 (webtiles) character file.

Game seed: 12047334164681116235

339 thiole the Sneak (level 6, -2/36 HPs)
             Began as an Octopode Hedge Wizard on Jan 22, 2021.
             Blown up by Ijyb (20 damage)
             ... with a disintegration bolt
             ... on level 4 of the Dungeon.
             The game lasted 00:05:29 (4037 turns).

thiole the Sneak (Octopode Hedge Wizard)            Turns: 4037, Time: 00:05:29

Health: -2/36      AC:  1    Str:  9    XL:     6   Next: 55%
Magic:  12/12      EV: 17    Int: 19    God:
Gold:   189        SH:  0    Dex: 11    Spells: 5/13 levels left

rFire    . . .     SeeInvis .   h - +3 dagger
rCold    . . .     Faith    .   (no shield)
rNeg     . . .     Spirit   .   b - +0 hat
rPois    .         Reflect  .   (no amulet)
rElec    .         Harm     .   r - +4 ring of evasion
rCorr    .         Rampage  .   (no ring)
Will     .....                  (no ring)
Stlth    ++++......             (no ring)
HPRegen  0.12/turn              (no ring)
MPRegen  0.13/turn              (no ring)
                                (no ring)
                                (no ring)

@: no status effects
A: almost no armour, stealthy swim, amphibious, 8 rings, constrict 8, camouflage
1, gelatinous body 1
a: no special abilities


You were on level 4 of the Dungeon.
You visited 1 branch of the dungeon, and saw 4 of its levels.

You collected 189 gold pieces.

Inventory:

Hand Weapons
 a - a +0 dagger
 h - a +3 dagger (weapon)
 t - a +1 dagger of protection
Armour
 b - a +0 hat (worn)
Jewellery
 r - a +4 ring of evasion (left tentacle)
Wands
 u - a wand of paralysis (14)
Scrolls
 c - 4 scrolls of blinking {unknown}
 d - a scroll of magic mapping {unknown}
 e - 2 scrolls of teleportation {unknown}
 i - 5 scrolls of identify {unknown}
 l - 2 scrolls of enchant weapon {unknown}
 p - 3 scrolls of remove curse {unknown}
 q - a scroll of fear {unknown}
 v - a scroll of noise {unknown}
Potions
 f - 3 potions of heal wounds
 g - 3 potions of curing {unknown}
 j - a potion of berserk rage {unknown}
 k - a potion of mutation {unknown}
 m - a potion of haste
 n - a potion of attraction {unknown}
 o - a potion of cancellation {unknown}
 s - a potion of brilliance {unknown}


   Skills:
 - Level 2.0 Dodging
 + Level 4.9 Stealth
 + Level 4.0 Spellcasting
 - Level 2.0 Conjurations
 - Level 2.0 Summonings
 - Level 1.0 Translocations
 * Level 3.4 Air Magic
 - Level 2.0 Poison Magic


You had 5 spell levels left.
You knew the following spells:

 Your Spells              Type           Power        Failure   Level
a - Magic Dart            Conj           44%          6%          1
b - Call Imp              Summ           11%          9%          2
c - Slow                  Hex            3%           21%         2
d - Mephitic Cloud        Conj/Pois/Air  13%          16%         3

Your spell library contained the following spells:

 Spells                   Type           Power        Failure   Level
 Blink                    Tloc           N/A          14%         2
 Conjure Flame            Conj/Fire      7%           26%         3


Dungeon Overview and Level Annotations

Branches:
Dungeon (4/15)
 Temple: D:4-7

Altars:

Annotations:
D:4 Ijyb


Innate Abilities, Weirdness & Mutations

You cannot wear most types of armour.
You are very stealthy in the water. (Stealth+)
You are amphibious.
You can wear up to eight rings at the same time.
You can use your tentacles to constrict eight enemies at once.
Your skin changes colour to match your surroundings (Stealth+).
Your rubbery body absorbs attacks. (AC +1, EV +1)


Message History

The orc wizard shouts!
You hit Ijyb but do no damage. You grab Ijyb.
You constrict Ijyb, but do no damage. Ijyb hits you but does no damage.
You hit Ijyb.
Ijyb is lightly wounded.
You constrict Ijyb, but do no damage.
Ijyb zaps a wand.
You are blasted!
Ijyb hits you with a +0 dagger.
You hit Ijyb.
Ijyb is lightly wounded.
You constrict Ijyb.
Ijyb zaps a wand.
You are blasted!
Ouch! That really hurt!
* * * LOW HITPOINT WARNING * * *
An orc comes into view. It is wielding a +0 war axe.
You feel much better.
You constrict Ijyb, but do no damage.
Ijyb zaps a wand.
You are blasted!
Ijyb hits you but does no damage.
You release your grip on Ijyb.
Ijyb screams, "Die!"
Ijyb zaps a wand.
You are blasted!
Ouch! That really hurt!
You die...

#.##...#..#
#.........#
#####..#.##
#...#.##
#..###.## #.##
##.######
#..###.........
#.#.#.#########
##.@# #...#####
#?#g....#
#.o.#####
#...ooo
####..## #..#
#.o# #..#


You could see an orc warrior, Ijyb (fast), an orc wizard and 3 orcs.

Vanquished Creatures
  An orc priest (D:3)
  3 orc wizards (D:3)
  Natasha (thrice) (D:3)
  8 adders
  An ooze (D:1)
  A worm (D:2)
  A dart slug (D:2)
  A leopard gecko (D:1)
  8 orcs
  2 giant cockroaches
  5 goblins
  5 hobgoblins
  3 jackals (D:2)
  2 ball pythons (D:2)
  12 bats
  2 frilled lizards (D:1)
  8 kobolds
  2 rats
68 creatures vanquished.

Notes
Turn   | Place    | Note
-------+----------+-------------------------------------------
     0 | D:1      | thiole the Octopode Hedge Wizard began the quest for the
                  | Orb.
     0 | D:1      | Reached XP level 1. HP: 11/11 MP: 4/4
   180 | D:1      | Reached XP level 2. HP: 17/17 MP: 0/6
   662 | D:1      | You fall into a shaft and drop 1 floor!
   673 | D:2      | Reached XP level 3. HP: 17/21 MP: 5/7
   762 | D:2      | Learned a level 2 spell: Call Imp
   765 | D:2      | Learned a level 2 spell: Slow
   769 | D:2      | Learned a level 3 spell: Mephitic Cloud
  1657 | D:2      | Reached skill level 1 in Air Magic
  1657 | D:2      | Reached XP level 4. HP: 22/27 MP: 4/8
  1968 | D:2      | Reached skill level 1 in Poison Magic
  2594 | D:3      | Reached XP level 5. HP: 5/31 MP: 6/10
  3156 | D:3      | Reached XP level 6. HP: 17/36 MP: 7/11
  3527 | D:3      | Noticed Natasha
  3538 | D:3      | Killed Natasha
  3634 | D:3      | Noticed Natasha
  3641 | D:3      | Killed Natasha
  3714 | D:3      | Noticed Natasha
  3722 | D:3      | Killed Natasha
  4027 | D:4      | Noticed Ijyb
  4031 | D:4      | Noticed an orc warrior
  4034 | D:4      | HP: 1/36 [disintegration (31)]
  4037 | D:4      | Blown up by Ijyb

Illustrated notes

Levels and vault maps discovered:
D:1:      minmay_arrival_four_circles, layout_basic
D:2:      layout_basic, serial_corexii_hall, corexii_hall_statues_s,
          chequers_hall_statues_wall_a, corexii_hall_statues_i,
          minmay_quadrilaterals
D:3:      layout_rooms, uniq_natasha
D:4:      layout_loops_ring, minmay_crystal_room, uniq_eustachio, uniq_ijyb

Skill      XL: |  1  2  3  4  5  6 |
---------------+-------------------+-----
Stealth        | 3 4 |  4.9
Conjurations   | 2 |  2.0
Summonings     | 2 |  2.0
Air Magic      | 1 2 3 |  3.4
Poison Magic   | 1 2 |  2.0
Spellcasting   | 4 |  4.0
Dodging        | |  2.0
Translocations | |  1.0

Action                   |  1- 3 |  4- 6 || total
-------------------------+-------+-------++-------
Melee: Dagger            |    44 |    63 ||   107
       Constrict         |     9 |    14 ||    23
       Tentacles         |     7 |    11 ||    18
 Cast: Magic Dart        |    77 |    89 ||   166
       Mephitic Cloud    |       |     3 ||     3
  Use: Potion            |       |     2 ||     2
 Stab: Confused          |       |     2 ||     2
Armor: Skin              |     3 |     3 ||     6
Dodge: Dodged            |    24 |    54 ||    78
